 Dungeon Crawl Stone Soup version 0.19.0-20-gbc5f0c6 (webtiles) character file.

1771 smedtjen the Firebug (level 8, -7/62 HPs)
             Began as a Demigod Fire Elementalist on Nov 17, 2016.
             Mangled by a komodo dragon (27 damage)
             ... on level 8 of the Dungeon.
             The game lasted 01:24:21 (13516 turns).

smedtjen the Firebug (Demigod Fire Elementalist)   Turns: 13516, Time: 01:24:34

Health: -7/62      AC:  8    Str: 13    XL:     8   Next: 51%
Magic:  18/18      EV:  6    Int: 21    God:
Gold:   295        SH:  0    Dex: 16    Spells: 4 memorised, 9 levels left

rFire  . . .     SeeInvis .     A - +3 scimitar
rCold  . . .     Gourm    .     u - +0 chain mail
rNeg   . . .     Faith    +     (no shield)
rPois  .         Spirit   .     (no helmet)
rElec  .         Reflect  .     (no cloak)
rCorr  .         Harm     .     (no gloves)
MR     .....                    (no boots)
Stlth  ..........               z - amulet of faith
                                (no ring)
                                (no ring)

@: drained
A: high mp 1
a: no special abilities


You were on level 8 of the Dungeon.
You were near starving.

You visited 2 branches of the dungeon, and saw 9 of its levels.

You collected 295 gold pieces.

Inventory:

Hand Weapons
 c - a +0 hunting sling
 p - a +2 mace
 v - a +1 long sword of holy wrath
 A - a +3 scimitar (weapon)
 C - a +0 short sword of holy wrath
 K - a +3 long sword
Missiles
 d - 233 stones (quivered)
 i - 23 sling bullets
 j - 48 poisoned needles
 q - 39 bolts
Armour
 h - a +0 ring mail
 u - a +0 chain mail (worn)
 H - a +1 cloak
 L - a +0 scale mail
Magical Staves
 O - an uncursed staff of power {unknown}
Jewellery
 s - an uncursed amulet of guardian spirit
 z - an amulet of faith (around neck)
Wands
 a - a wand of paralysis (9/24)
 t - a wand of lightning (9/15)
 E - a wand of iceblast (7/15)
 N - a wand of lightning (5/15)
Scrolls
 e - 3 scrolls of teleportation
 f - 2 scrolls of magic mapping
 o - 3 scrolls of identify
 x - 3 scrolls of remove curse {unknown}
 y - 2 scrolls of fog {unknown}
 D - a scroll of amnesia {unknown}
 F - a scroll of enchant weapon {unknown}
 J - 2 scrolls of noise {unknown}
Potions
 g - a potion of resistance {unknown}
 k - 2 potions of degeneration {unknown}
 m - a potion of cancellation {unknown}
 n - a potion of lignification
 r - 2 potions of flight {unknown}
 w - a potion of haste
 B - 2 potions of brilliance {unknown}
 G - a potion of invisibility {unknown}
 I - 2 potions of curing
 M - a potion of agility {unknown}
Books
 b - a book of Flames

   Spells                             Type                      Level
   a - Flame Tongue                   Conjuration/Fire             1
   b - Throw Flame                    Conjuration/Fire             2
   c - Conjure Flame                  Conjuration/Fire             3
   d - Inner Flame                    Hexes/Fire                   3
   e - Sticky Flame                   Conjuration/Fire             4
   f - Fireball                       Conjuration/Fire             5
 l - a book of Misfortune

   Spells                             Type                      Level
   a - Confusing Touch                Hexes                        1
   b - Confuse                        Hexes                        3
   c - Gell's Gravitas                Hexes/Translocation          3
   d - Petrify                        Transmutation/Earth          4
   e - Metabolic Englaciation         Hexes/Ice                    5
   f - Yara's Violent Unravelling     Hexes/Transmutation          5


   Skills:
 + Level 2.7(1.6) Fighting
 + Level 0.6(0.8) Short Blades
 + Level 2.7(1.7) Long Blades
 + Level 3.5(2.4) Armour
 + Level 3.1(2.0) Dodging
 + Level 2.6(1.5) Stealth
 + Level 4.7(3.6) Spellcasting
 + Level 3.9(2.7) Conjurations
 + Level 0.6(0.0) Hexes
 + Level 5.3(4.1) Fire Magic


You had 9 spell levels left.
You knew the following spells:

 Your Spells              Type           Power        Failure   Level  Hunger
a - Flame Tongue          Conj/Fire      ###..        91%         1    None
b - Throw Flame           Conj/Fire      ###...       98%         2    ##.....
c - Inner Flame           Hex/Fire       ##......     100%        3    ###....
d - Confusing Touch       Hex            #.....       100%        1    None


Dungeon Overview and Level Annotations

Branches:
Dungeon (8/15)             Temple (1/1) D:4
   Lair: D:8-11


Innate Abilities, Weirdness & Mutations

You have an increased reservoir of magic. (+10% MP)


Message History

Okay, then.
A river rat comes into view.
You see here 23 gold pieces.
Casting: Throw Flame
Confirm with . or Enter, or press ? or * to list all spells.
The spell is very dangerous to cast!
Continue anyway?
Okay, then.
Keep disrobing? [Y]es or [N]o only, please.
Keep disrobing? [Y]es or [N]o only, please.
Keep disrobing?
You start removing your armour.
You continue taking off your +0 chain mail. x2
The komodo dragon bites you!!
You continue taking off your +0 chain mail.
The komodo dragon bites you!!
You continue taking off your +0 chain mail.
The komodo dragon bites you!!
You die...

....# .. #.#.## .#
..#####.#..###.#
..(.....#.....# #
#.......# #/
#.##<#..#
#.######.......#
#........##........
#..l@....#####.####
#...###..# .# #.r.
...... # .....
.#..##.#
..###..#.#..# # .
#... ...# #### ####


You could see a komodo dragon and a river rat.

Vanquished Creatures
  Menkaure (D:4)
  Duvessa (D:5)
  2 phantoms
  2 ogres
  A wyvern zombie (D:6)
  Dowan (D:5)
  A scorpion (D:6)
  A jelly (D:7)
  A killer bee (D:6)
  6 wights (D:6)
  3 howler monkeys
  2 crimson imps
  2 orc priests (D:6)
  2 hounds
  2 bullfrog skeletons (D:6)
  2 iguanas
  4 worker ants
  4 gnolls (D:5)
  5 adders
  2 adder zombies
  5 worms
  2 dart slugs
  9 leopard geckos
  8 orcs
  2 ball pythons
  8 giant cockroaches
  9 goblins
  7 hobgoblins
  9 jackals
  9 kobolds
  9 bats
  11 frilled lizards
  A jackal skeleton (D:3)
  A quokka skeleton (D:4)
  7 rats
142 creatures vanquished.

Notes
Turn   | Place    | Note
-------+----------+-------------------------------------------
     0 | D:1      | smedtjen the Demigod Fire Elementalist began the quest for the Orb.
     0 | D:1      | Reached XP level 1. HP: 14/14 MP: 5/5
   782 | D:1      | Reached skill level 3 in Fire Magic
  1044 | D:1      | Reached XP level 2. HP: 20/20 MP: 4/7
  1068 | D:1      | Reached skill level 1 in Conjurations
  1529 | D:1      | Reached XP level 3. HP: 26/26 MP: 3/8
  2435 | D:1      | Learned a level 3 spell: Inner Flame
  2440 | D:1      | Learned a level 2 spell: Throw Flame
  2685 | D:2      | Found a faded altar of an unknown god.
  3091 | D:2      | Reached XP level 4. HP: 19/33 MP: 0/9
  3102 | D:2      | Learned a level 1 spell: Confusing Touch
  3132 | D:2      | Found a glowing golden altar of the Shining One.
  3139 | D:2      | Noticed an angel
  3214 | D:2      | Found a basalt altar of Yredelemnul.
  3216 | D:2      | Noticed a profane servitor
  4633 | D:3      | Reached skill level 1 in Armour
  5676 | D:3      | Found a radiant altar of Vehumet.
  6278 | D:4      | Found a staircase to the Ecumenical Temple.
  6312 | Temple   | Entered the Ecumenical Temple
  6411 | D:4      | Reached XP level 5. HP: 27/39 MP: 4/11
  7138 | D:4      | Noticed Menkaure
  7144 | D:4      | Noticed a phantom
  7145 | D:4      | Killed Menkaure
  7145 | D:4      | Reached skill level 1 in Fighting
  7145 | D:4      | Reached skill level 1 in Long Blades
  7145 | D:4      | Reached XP level 6. HP: 26/47 MP: 4/13
  7675 | D:4      | Found a bloodstained altar of Trog.
  7675 | D:4      | Found a hazy altar of Hepliaklqana.
  7675 | D:4      | Found a shadowy altar of Dithmenos.
  7675 | D:4      | Found a sparkling altar of Nemelex Xobeh.
  7691 | D:4      | Reached skill level 4 in Fire Magic
  7692 | D:4      | Found a deep blue altar of Sif Muna.
  7692 | D:4      | Found a shattered altar of Ashenzari.
  8226 | D:5      | Entered Level 5 of the Dungeon
  8395 | D:5      | Noticed Duvessa
  8403 | D:5      | Noticed Dowan
  8405 | D:5      | Killed Duvessa
  8405 | D:5      | Reached XP level 7. HP: 52/52 MP: 7/15
  9003 | D:5      | Killed Dowan
 10034 | D:6      | Found a blossoming altar of Fedhas.
 10179 | D:6      | Found an opulent altar of Gozag.
 10644 | D:6      | Reached XP level 8. HP: 40/61 MP: 11/18
 11194 | D:6      | Reached skill level 5 in Fire Magic
 13509 | D:8      | Noticed a komodo dragon
 13516 | D:8      | Mangled by a komodo dragon

Skill      XL: |  1  2  3  4  5  6  7  8 |
---------------+-------------------------+-----
Dodging        | 2 3 |  3.1
Fire Magic     | 3 4 5 |  5.3
Stealth        | 2 |  2.6
Conjurations   | 1 2 3 |  3.9
Spellcasting   | 2 3 4 |  4.7
Armour         | 1 2 3 |  3.5
Fighting       | 1 2 |  2.7
Long Blades    | 1 2 |  2.7
Short Blades   | |  0.6
Hexes          | |  0.6

Action                   |  1- 3 |  4- 6 |  7- 9 || total
-------------------------+-------+-------+-------++-------
Melee: Unarmed           |     7 |       |       ||     7
       Short sword       |    42 |     2 |       ||    44
       Long sword        |       |    32 |    51 ||    83
       Whip              |       |    10 |       ||    10
       Falchion          |       |     3 |       ||     3
       Scimitar          |       |       |    21 ||    21
 Cast: Flame Tongue      |    72 |    71 |    87 ||   230
       Throw Flame       |       |    48 |    48 ||    96
       Confusing Touch   |       |     5 |     1 ||     6
       Inner Flame       |       |     1 |       ||     1
  Use: Scroll            |     2 |     3 |     5 ||    10
       Potion            |     1 |       |       ||     1
  Eat: Chunk             |     3 |     2 |     3 ||     8
       Bread ration      |     1 |     3 |     1 ||     5
       Pizza             |       |     2 |     1 ||     3
       Beef jerky        |       |     1 |     1 ||     2
       Meat ration       |       |       |     1 ||     1
Armor: Robe              |     6 |       |       ||     6
       Ring mail         |    30 |    44 |    25 ||    99
       Chain mail        |       |       |    14 ||    14
Dodge: Dodged            |    64 |    76 |    64 ||   204
       Rpst.: Long sword |       |    15 |    14 ||    29
       Falchion          |       |     2 |       ||     2
       Scimitar          |       |       |     7 ||     7
